Map: [ESL] Site Delta

Players

Ukko

  • Race: Zerg Zerg
  • Spawn Location: 11:00

Kelazhur - Winner!

  • Race: Terran Terran
  • Spawn Location: 5:00

Event: ESL SC2 Masters 2023 Winter (Regional)

VOD

Have the link to the VOD?

Description

Time

  • Played on: Oct. 27, 2023, 2:01 p.m.
  • Length: 10:22

All games in this series

Show
View Real Time Build Order
Export as new Build Order

Ukko Zerg 

Build Orders: Hatch First 

Get SALT Encoding   

  12  0:00  Drone  
  13  0:12  Overlord  
  13  0:16  Drone  
  14  0:30  Drone x2  
  16  0:47  Hatchery  
  15  0:51  Drone  
  15  0:54  Drone  
  17  0:58  Drone  
  18  1:09  Extractor  
  17  1:13  Spawning Pool  
  17  1:16  Drone  
  17  1:20  Drone  
  18  1:27  Drone  
  19  1:38  Drone  
  20  1:49  Drone  
  21  2:00  Queen x2  
  21  2:01  Zergling x4  
  27  2:16  Hatchery  
  27  2:18  Metabolic Boost  
  26  2:25  Overlord  
  26  2:28  Drone  
  27  2:30  Drone  
  27  2:42  Queen  
  29  2:46  Drone x3  
  29  2:50  Overlord  
  32  2:57  Drone x2  
  34  2:59  Drone  
  34  3:04  Overlord  
  35  3:09  Zergling x2  
  35  3:10  Zergling x6  
  39  3:13  Zergling x2  
  39  3:14  Zergling x2  
  39  3:18  Overlord  
  41  3:20  Drone  
  42  3:29  Drone x2  
  44  3:43  Drone x3  
  44  3:44  Drone x2  
  48  3:49  Drone  
  48  3:51  Drone x4  
  48  3:52  Queen  
  48  3:53  Queen  
  55  4:00  Overlord x2  
  52  4:04  Drone  
  53  4:13  Queen, Overlord  
  53  4:15  Drone x2  
  57  4:28  Drone x6  
  57  4:31  Queen x2  
  63  4:36  Drone  
  63  4:37  Drone  
  63  4:38  Drone  
  70  4:43  Spore Crawler  
  69  4:47  Overlord x2  
  69  4:49  Drone x2, Queen  
  73  4:59  Overlord  
  73  5:00  Drone x5  
  73  5:05  Zergling x4, Extractor  
  79  5:07  Lair  
  79  5:08  Extractor  
  79  5:10  Zergling x8  
  82  5:17  Zergling x10  
  82  5:18  Extractor  
  86  5:26  Zergling x2  
  87  5:31  Drone x5, Baneling Nest  
  87  5:33  Evolution Chamber  
  87  5:35  Evolution Chamber  
  89  5:37  Hatchery  
  89  5:39  Drone x5  
  93  5:44  Zergling x6  
  93  5:47  Zergling x2  
  97  5:51  Overlord  
  97  5:52  Zergling x2  
  98  5:58  Zergling x8  
  98  6:01  Zerg Ground Armor Level 1  
  98  6:04  Zerg Melee Weapons Level 1, Hatchery  
  102  6:09  Zergling x4  
  103  6:15  Drone x3  
  103  6:16  Drone x5  
  110  6:23  Extractor, Centrifugal Hooks  
  110  6:24  Drone x2  
  111  6:26  Hydralisk Den  
  110  6:37  Drone x4  
  114  6:44  Overlord x7  
  113  6:47  Baneling  
  113  6:48  Baneling x7  
  113  6:54  Zergling x12  
  118  7:04  Zergling x10  
  123  7:08  Grooved Spines  
  123  7:11  Baneling x4  
  123  7:12  Hydralisk x4  
  131  7:21  Overseer x2  
  130  7:27  Zergling x18  
  137  7:32  Baneling x2  
  137  7:33  Baneling  
  137  7:35  Hydralisk x3  
  142  7:40  Baneling x2  
  142  7:41  Baneling  
  142  7:44  Zergling x28  
  142  7:59  Muscular Augments  
  140  8:07  Zergling x20  
  140  8:11  Zerg Missile Weapons Level 1  
  148  8:13  Spore Crawler  
  148  8:14  Spore Crawler  
  148  8:18  Infestation Pit  
  148  8:19  Drone x8  
  153  8:21  Extractor x2  
  153  8:25  Zergling x2  
  153  8:26  Zergling x18  
  161  8:31  Baneling x5  
  161  8:38  Hatchery  
  156  8:43  Zergling x6, Hatchery  
  156  8:44  Zergling x6  
  155  8:49  Zergling x2  
  155  8:50  Zergling x2  
  147  8:59  Zergling x28  
  147  9:00  Baneling x3  
  147  9:01  Baneling  
  148  9:23  Hydralisk x6  
  158  9:25  Overlord x3  
  144  9:40  Zergling x2  
  144  9:41  Zergling x12  
  144  9:44  Hydralisk x2  
  144  9:45  Zergling x2  
Show
View Real Time Build Order
Export as new Build Order

Kelazhur Terran - Winner!

Build Orders:  

Get SALT Encoding   

  12  0:00  SCV  
  13  0:12  SCV  
  14  0:17  Supply Depot  
  14  0:24  SCV  
  15  0:39  SCV  
  15  0:40  Barracks  
  16  0:43  Refinery  
  16  0:51  SCV  
  17  0:59  Barracks  
  17  1:03  SCV  
  18  1:15  SCV  
  19  1:27  Orbital Command, Reaper  
  19  1:30  Supply Depot  
  20  1:45  Reaper  
  21  1:53  SCV  
  22  2:03  Reaper  
  22  2:05  SCV  
  24  2:09  Command Center  
  24  2:17  SCV  
  24  2:20  Barracks Reactor  
  25  2:29  SCV  
  26  2:36  Barracks Tech Lab  
  26  2:41  SCV  
  27  2:45  Refinery  
  27  2:46  Supply Depot  
  27  2:52  Command Center  
  27  2:54  SCV  
  28  2:58  Marine  
  28  2:59  Marine  
  28  3:02  Marine  
  31  3:08  Stimpack  
  31  3:16  Marine, SCV  
  31  3:17  Marine  
  34  3:24  Orbital Command  
  35  3:32  Factory  
  34  3:39  Marine, SCV  
  34  3:40  Marine x2  
  38  3:51  SCV  
  38  3:57  Marine  
  38  3:58  Marine x2  
  38  4:02  SCV  
  40  4:03  SCV  
  40  4:04  Orbital Command  
  41  4:14  SCV  
  41  4:15  SCV, Marine  
  41  4:16  Marine  
  45  4:18  Starport  
  45  4:19  Factory Reactor  
  45  4:23  Marine  
  46  4:24  Engineering Bay  
  46  4:26  SCV  
  46  4:28  SCV  
  48  4:32  SCV  
  48  4:33  Marine x2  
  51  4:38  SCV  
  51  4:41  SCV  
  51  4:44  Engineering Bay  
  53  4:46  SCV  
  53  4:47  Refinery  
  53  4:48  Marine  
  53  4:50  SCV  
  53  4:51  Terran Infantry Weapons Level 1  
  56  4:53  Combat Shield  
  56  4:54  SCV  
  57  5:00  SCV  
  57  5:02  Medivac  
  57  5:04  Marine x2  
  57  5:07  Refinery  
  62  5:11  Medivac  
  62  5:12  Marine, SCV  
  62  5:13  Barracks  
  66  5:16  Supply Depot  
  66  5:17  SCV  
  66  5:19  SCV  
  68  5:25  Supply Depot  
  68  5:26  Marine  
  68  5:28  Factory Reactor  
  69  5:32  Terran Infantry Armor Level 1  
  69  5:37  SCV x3, Marine  
  69  5:38  Marine  
  69  5:41  Medivac  
  76  5:45  Marine  
  76  5:48  Barracks  
  76  5:49  Orbital Command  
  80  5:50  Barracks, SCV x2  
  80  5:55  Marine  
  80  5:58  Supply Depot  
  80  6:01  Barracks Reactor  
  80  6:02  SCV x2  
  82  6:05  Marine x2  
  84  6:12  Supply Depot  
  84  6:16  Widow Mine, Marine  
  84  6:17  SCV  
  85  6:19  Medivac x2  
  85  6:20  Widow Mine  
  85  6:21  SCV  
  85  6:22  Marine  
  93  6:34  SCV x3, Marine x2, Armory  
  93  6:37  Supply Depot  
  94  6:40  Marine  
  94  6:42  Barracks Reactor  
  94  6:43  Barracks Reactor, Marine x2  
  94  6:46  SCV  
  98  6:51  Marine  
  98  6:52  SCV x2, Marine  
  102  6:55  Supply Depot x2  
  102  6:57  Widow Mine  
  102  6:58  SCV, Marine  
  102  7:01  Marine  
  107  7:04  SCV x2, Medivac  
  107  7:05  Medivac  
  113  7:10  Supply Depot  
  113  7:11  Supply Depot  
  113  7:14  Marine  
  114  7:15  SCV  
  114  7:17  Widow Mine  
  114  7:18  Marine, Widow Mine  
  114  7:19  SCV  
  121  7:26  Marine x6  
  121  7:28  Marine  
  121  7:29  SCV  
  129  7:33  Terran Infantry Armor Level 2  
  129  7:34  Supply Depot  
  129  7:37  Marine  
  129  7:41  Terran Infantry Weapons Level 2  
  130  7:44  Supply Depot  
  130  7:47  Marauder  
  128  7:55  Marine x8  
  128  7:57  Widow Mine x2  
  136  8:07  Marine  
  132  8:12  Marine  
  132  8:15  Marine x7  
  139  8:20  Supply Depot  
  139  8:26  Marauder  
  140  8:30  Command Center, Marine  
  140  8:32  Marine  
  140  8:33  Marine x3  
  145  8:34  Marine x3  
  145  8:36  Barracks  
  145  8:37  Barracks x2  
  146  8:47  Marauder  
  146  8:48  Marine  
  146  8:49  Medivac x2  
  146  8:50  Marine x4, Widow Mine x2  
  146  8:52  Marine x2  
  161  8:57  Marine  
  162  9:06  Marine  
  162  9:08  Marine x5  
  165  9:10  SCV, Marine x2  
  165  9:11  SCV x2  
  165  9:14  Marine  
  171  9:17  Widow Mine  
  171  9:21  Supply Depot  
  171  9:22  Supply Depot x2  
  173  9:24  Sensor Tower  
  173  9:30  Barracks Tech Lab x2  
  173  9:31  Barracks Tech Lab  
  173  9:41  Marine x4  
  173  9:42  Widow Mine x2, Marauder  
  173  9:44  Medivac x2  
  173  9:45  Marine x2  
  180  9:47  Marine  
Tags
 
Add a new tag
Caveats
  • Supply blocks, unpowered buildings, or Contaminate may cause inaccurate times.
  • Supply counts are checked every 10 seconds.